Cogmind - Beta 14 @@@ ROGUE MODE // 2024.08.16 @ 21:07:57 Player: NeroPrime Result: Destroyed by D-53 Grenadier with Mini Grenade Launcher Performance ------------- Evolutions (1) 500 Regions Visited (3) 600 Robots Destroyed (32) 160 Value Destroyed (674) 674 Prototype IDs (2) 40 Alien Tech Used (0) 0 Bonus (0) 0 TOTAL SCORE: 1974 Bonus ------- None Cogmind --------- Core Integrity 0/400 Matter 268/300 Energy 250/250 System Corruption 0% Temperature Cool (0) Movement Treading (160) Location -9/Mines Parts ------- > --- POWER (1) -------- Ion Engine > --- PROPULSION (4) --- Light Treads Light Treads > --- UTILITY (2) ------ Large Storage Unit Sensor Array > --- WEAPON (2) ------- Light Assault Rifle Grenade Launcher > --- INVENTORY (15) --- Heat Sink Large Storage Unit Visual Processing Unit Light Armor Plating Decoy Drone Bay Small Laser Backup Laser I Beam Rifle Light Assault Rifle Light Assault Rifle Datajack Peak State ------------ > --- POWER ------------ Improved Ion Engine > --- PROPULSION ------- Aluminum Leg Aluminum Leg > --- UTILITY ---------- Large Storage Unit Transport Network Coupler > --- WEAPON ----------- Small Laser Particle Cannon > --- INVENTORY -------- Ion Engine Light Treads Light Treads Heat Sink Large Storage Unit Visual Processing Unit Sensor Array Light Armor Plating Backup Laser I Datajack [Rating: 10] Favorites ----------- Power Ion Engine Engine Ion Engine Propulsion Aluminum Leg Treads Light Treads Leg Aluminum Leg Utility Large Storage Unit Device Heat Sink Storage Large Storage Unit Processor Transport Network Coupler Weapon Small Laser Energy Gun Small Laser Energy Cannon Light EM Pulse Cannon Ballistic Gun Light Assault Rifle Launcher Grenade Launcher Build | -11 -10 -9 -9 ------- Run | Yrd Mat Mat Min Slots Evolved 2 | . . 2 . Power . | . . . . Propulsion 2 | . . 2 . Utility . | . . . . Weapon . | . . . . Parts Attached 32 | 6 5 19 2 Power 4 | 1 1 2 . Engine 4 | 1 1 2 . Core . | . . . . Reactor . | . . . . Propulsion 10 | 2 3 5 . Treads 2 | . . 2 . Leg 8 | 2 3 3 . Wheel . | . . . . Hover . | . . . . Flight . | . . . . Utility 6 | 1 1 3 1 Device 2 | . 1 . 1 Storage 2 | 1 . 1 . Processor 2 | . . 2 . Hackware . | . . . . Protection . | . . . . Artifact . | . . . . Weapon 12 | 2 . 9 1 Energy Gun 7 | 1 . 6 . Energy Cannon 2 | . . 2 . Ballistic Gun 2 | 1 . 1 . Ballistic Cannon . | . . . . Launcher 1 | . . . 1 Special Weapon . | . . . . Impact Weapon . | . . . . Slashing Weapon . | . . . . Piercing Weapon . | . . . . Special Melee Weapon . | . . . . Unidentified Prototypes . | . . . . Parts Lost 8 | . . 8 . Power 1 | . . 1 . Propulsion 4 | . . 4 . Utility . | . . . . Weapon 3 | . . 3 . Highest Loss Streak 5 | . . 5 . To Critical Strikes . | . . . . Average Slot Usage (%) 77 | . 92 73 77 Engine 10 | . 14 10 11 Treads 4 | . . 1 22 Leg 17 | . 28 19 . Device 3 | . 6 3 4 Storage 11 | . 14 11 11 Processor 6 | . . 7 6 Energy Gun 15 | . 14 17 9 Energy Cannon 1 | . . 1 . Ballistic Gun 4 | . 14 . 11 Peak Build Rating 10 | 6 7 10 10 Average Rating 7 | 3 6 7 9 On Entrance 5 | . 6 7 8 Naked Turns . | . . . . Heaviest Build 33 | 13 14 33 30 Greatest Support 40 | 20 20 40 40 Greatest Overweight (x) 7 | 2 . 7 . Average Overweight (x) . | . . . . Largest Inventory Capacity 15 | 8 8 15 15 Average Capacity 13 | 7 8 14 15 Most Carried 12 | 7 8 10 12 Average Carried 7 | 4 6 6 10 Final Capacity 15 | 8 8 15 15 Final Carried 12 | 6 8 8 12 Class Distribution -------------------- 96% | Mutant 3% | Scavenger-Mutant Dominant Class ---------------- Mutant | -10/Materials Mutant | -9/Materials Mutant | -9/Mines Resources | -11 -10 -9 -9 ----------- Run | Yrd Mat Mat Min Matter Collected 515 | 185 135 178 17 Remotely . | . . . . Salvage Created 1077 | . 280 678 119 Parts 68 | . 9 43 16 Haulers Intercepted 4 | . . 4 . Recyclers Shooed 3 | . 3 . . Parts Field Recycled . | . . . . Retrieved Matter . | . . . . Parts Self-Destructed . | . . . . Prevented . | . . . . Kills | -11 -10 -9 -9 ------- Run | Yrd Mat Mat Min Combat Hostiles Destroyed 25 | . 4 13 8 Guns 22 | . 4 10 8 Cannons 2 | . . 2 . Classes Destroyed 8 | . 2 6 . Worker 1 | . . 1 . Hauler 4 | . . 4 . Recycler 1 | . 1 . . Watcher 1 | . . 1 . Swarmer 12 | . . 4 8 Grunt 10 | . 4 6 . Duelist 1 | . . 1 . Sentry 2 | . . 2 . Best Kill Streak 8 | . 2 4 8 Combat Bots Only 7 | . 2 3 7 Max Kills in Single Turn 1 | . 1 1 1 Gunslinging . | . . . . Exploded . | . . . . Melee . | . . . . Uniques/NPCs Destroyed . | . . . . Combat | -11 -10 -9 -9 -------- Run | Yrd Mat Mat Min Hostile Shots Fired 194 | . 31 140 23 Missed 51 | . 9 36 6 Damage Taken 1883 | . 418 1290 175 Core 481 | . 62 373 46 Absorbed by Shields . | . . . . Core Remaining (%) 87 | 100 75 . . Volleys Fired 127 | . 21 90 16 Largest 2 | . 2 2 2 Hottest 112 | . 60 112 76 Shots Fired 210 | . 42 148 20 Gun 195 | . 42 133 20 Cannon 15 | . . 15 . Launcher . | . . . . Special . | . . . . Kinetic 37 | . 21 . 16 Thermal 141 | . . 137 4 Explosive . | . . . . Electromagnetic 32 | . 21 11 . Robot Hit Streak 11 | . 8 11 4 Robot Miss Streak 7 | . 2 7 2 Penetration Max . | . . . . Secondary Targets 4 | . . 2 2 Max Gunslinging Chain 1 | . . 1 1 Shots Hit Robots 120 | . 28 80 12 Core Hits 58 | . 12 37 9 Critical Kills . | . . . . Critical Parts Destroyed . | . . . . Critical Strikes 1 | . . 1 . Burn 1 | . . 1 . Melee Attacks . | . . . . Impact . | . . . . Slashing . | . . . . Piercing . | . . . . Sneak Attacks . | . . . . Combat Hostiles . | . . . . Follow-up Attacks . | . . . . Damage Inflicted 1464 | . 309 1028 127 Guns 1233 | . 286 820 127 Cannons 197 | . . 197 . Explosions 23 | . 23 . . Melee . | . . . . Ramming 11 | . . 11 . Kinetic 205 | . 121 . 84 Thermal 947 | . 23 881 43 Explosive . | . . . . Electromagnetic 301 | . 165 136 . Impact . | . . . . Slashing . | . . . . Piercing . | . . . . Highest Corruption . | . . . . Average Corruption . | . . . . Corruption Purged . | . . . . Corruption Blocked . | . . . . Overload Shots . | . . . . Overflow Damage . | . . . . Projectiles . | . . . . Explosions . | . . . . Melee . | . . . . Knockbacks 1 | . . 1 . Impact 1 | . . 1 . Kinetic . | . . . . Secondary . | . . . . Self-Inflicted Damage 132 | . 132 . . Shots 2 | . 2 . . Rammed . | . . . . Targets Rammed 4 | . . 4 . Kicked 4 | . . 4 . Crushed . | . . . . Highest Temperature 192 | . 94 192 51 Average Temperature 37 | . 38 38 26 Received Heat Transfer 582 | . 159 423 . Siege Activations . | . . . . Robots Corrupted 1 | . . 1 . Combat Hostiles 1 | . . 1 . Parts Fried 2 | . . 2 . Impact Corruptions . | . . . . Robots Melted . | . . . . Combat Hostiles . | . . . . Parts Melted 5 | . . 5 . Heat Transferred 2775 | . 50 2614 111 Parts Sabotaged . | . . . . Parts Stolen . | . . . . Parts Stripped . | . . . . Power Chain Reactions 1 | . 1 . . Alert | -11 -10 -9 -9 ------- Run | Yrd Mat Mat Min Peak Influence 277 | . 239 255 277 Initial 100 | . . 100 82 Average 95 | . 124 62 187 Maximum Alert Level 1 | . 1 1 1 Low Security (%) 91 | 100 82 92 96 Level 1 8 | . 17 7 3 Level 2 . | . . . . Level 3 . | . . . . Level 4 . | . . . . Level 5 . | . . . . High Security . | . . . . Max Security . | . . . . Squads Dispatched 4 | . 2 2 . Investigation 1 | . . 1 . Extermination . | . . . . Reinforcement 3 | . 2 1 . Assault . | . . . . Garrison . | . . . . Intercept . | . . . . Searches Triggered . | . . . . Construction Impeded . | . . . . Haulers Reinforced . | . . . . Active Scanning Responses . | . . . . Cargo Convoy Interrupts . | . . . . Stealth | -11 -10 -9 -9 --------- Run | Yrd Mat Mat Min Distress Signals 2 | . 1 1 . Communications Jammed . | . . . . Distress Signals . | . . . . Times Spotted 57 | . 14 33 10 Peak Tracking Total 7 | . 3 7 5 Tactical Retreats 3 | . 2 1 . Traps | -11 -10 -9 -9 ------- Run | Yrd Mat Mat Min Traps Triggered 1 | . . 1 . Indirectly . | . . . . Trap Hack Attempts . | . . . . Triggered . | . . . . Disarmed . | . . . . Reprogrammed . | . . . . Reused . | . . . . Traps Extracted . | . . . . Installed . | . . . . Triggered . | . . . . Machines | -11 -10 -9 -9 ---------- Run | Yrd Mat Mat Min Machines Disabled 2 | . 2 . . Max in Single Turn 2 | . 2 . . Machines Repaired . | . . . . Machines Dismantled . | . . . . Machines Sabotaged . | . . . . Overloaded Fab Kills . | . . . . Hacking | -11 -10 -9 -9 --------- Run | Yrd Mat Mat Min Machines Accessed 8 | . 3 4 1 Terminals 4 | . 2 2 . Fabricators . | . . . . Repair Stations 1 | . . 1 . Recycling Units 1 | . 1 . . Scanalyzers 1 | . . 1 . Garrison Access . | . . . . Total Hacks 27 | . 9 17 1 Successful 20 | . 6 13 1 Failed 7 | . 3 4 . Catastrophic . | . . . . Database Lockouts . | . . . . Manual . | . . . . Terminals 18 | . 6 12 . Fabricators . | . . . . Repair Stations 1 | . . 1 . Recycling Units 3 | . 3 . . Scanalyzers 4 | . . 4 . Garrison Access . | . . . . Terminal Hacks 14 | . 5 8 1 Record 8 | . 4 4 . Prototype ID Bank 1 | . . 1 . Open Door 1 | . . . 1 Alert Level 1 | . 1 . . Unreport Threat 1 | . . 1 . Hauler Manifests 1 | . . 1 . Zone Layout 1 | . . 1 . Fabricator Hacks . | . . . . Repair Station Hacks 1 | . . 1 . Refit 1 | . . 1 . Recycling Unit Hacks 1 | . 1 . . Report Inventory 1 | . 1 . . Scanalyzer 4 | . . 4 . Insert Component 2 | . . 2 . Analyze 2 | . . 2 . Garrison Access Hacks . | . . . . Unauthorized Hacks . | . . . . Terminals . | . . . . Fabricators . | . . . . Repair Stations . | . . . . Recycling Units . | . . . . Scanalyzers . | . . . . Garrison Access . | . . . . Data Cores Recovered . | . . . . Used . | . . . . Hacking Detections 5 | . 3 2 . Full Trace Events 1 | . 1 . . Feedback Events . | . . . . Feedback Blocked . | . . . . Robot Schematics Acquired . | . . . . Robots Built . | . . . . Authchips . | . . . . Time . | . . . . Total Robot Build Rating . | . . . . Part Schematics Acquired 2 | . . 2 . Parts Built . | . . . . Authchips . | . . . . Time . | . . . . Total Part Build Rating . | . . . . Parts Repaired . | . . . . Time . | . . . . Parts Recycled . | . . . . Recycled Matter . | . . . . Retrieved Matter . | . . . . Retrieved Components . | . . . . Parts Scanalyzed 2 | . . 2 . Part Schematics Acquired 2 | . . 2 . Parts Damaged . | . . . . Bothacking | -11 -10 -9 -9 ------------ Run | Yrd Mat Mat Min Used RIF Installer . | . . . . Robots Hacked . | . . . . Non-combat . | . . . . Combat . | . . . . Robot Hacks Applied . | . . . . Relay Couplers Released . | . . . . Fabnet Peak Effective % . | . . . . Robots Rewired . | . . . . Allies Hacked . | . . . . Hacks Repelled . | . . . . Allies | -11 -10 -9 -9 -------- Run | Yrd Mat Mat Min Total Allies . | . . . . Largest Group . | . . . . Highest-Rated Group . | . . . . Highest-Rated Ally . | . . . . Total Orders . | . . . . Ally Attacks . | . . . . Total Damage . | . . . . Kills . | . . . . Allies Corrupted . | . . . . Allies Melted . | . . . . Intel | -11 -10 -9 -9 ------- Run | Yrd Mat Mat Min Robot Analysis Total . | . . . . Derelict Logs Recovered 1 | . . . 1 Drone Launches . | . . . . Drone Recoveries . | . . . . Exploration | -11 -10 -9 -9 ------------- Run | Yrd Mat Mat Min Turns Passed 2065 | 66 388 1226 385 Spaces Moved 1009 | 45 250 498 216 Core 27 | 26 . 1 . Treads 238 | . . 22 216 Legs 744 | 19 250 475 . Wheels . | . . . . Hover . | . . . . Flight . | . . . . Fastest Speed 50 | 50 120 120 160 Average Speed 160 | 111 120 185 160 Slowest Speed 400 | 150 120 400 160 Overloaded Moves . | . . . . Propulsion Burnouts . | . . . . Robots Hopped . | . . . . Cave-ins Triggered . | . . . . Exploration Rate (%) 32 | 4 45 34 45 Regions Visited 3 Branch Regions 1 Pre-discovered Areas . | . . . . Known Exits Taken . | . . . . Unknown Exits Taken 3 | 1 1 1 . Scrap Searched . | . . . . Spaces Dug . | . . . . Terrain Destroyed 28 | . 28 . . Melee . | . . . . Projectile . | . . . . AOE 28 | . 28 . . Terrain Rammed . | . . . . Walls Destroyed . | . . . . Machines Disabled . | . . . . Actions | -11 -10 -9 -9 --------- Run | Yrd Mat Mat Min Total 1246 | 59 302 646 239 Wait 29 | . 17 12 . Move 1006 | 44 249 497 216 Hop . | . . . . Pick Up 33 | 9 5 15 4 Fast Attach 6 | 3 . 3 . Attach 12 | 3 1 7 1 Detach . | . . . . Swap 14 | . 4 9 1 Drop 15 | . 5 9 1 Fire 127 | . 21 90 16 Melee . | . . . . Ram . | . . . . Kick 4 | . . 4 . Crush . | . . . . Escape Stasis . | . . . . Rewire . | . . . . Trap . | . . . . Miscellaneous . | . . . . Route ------- -11/Scrapyard -10/Materials (discovered 2 exits: *Mat x2) -9/Materials (discovered 2 exits: *Min x2) -9/Mines History --------- Turn | Location | Event 48 | -11/Scrapyard | Discovered new exit (range 15) 67 | -11/Scrapyard | Entered Materials 304 | -10/Materials | Build established: Mutant 356 | -10/Materials | Discovered new exit (range 11) 419 | -10/Materials | Discovered new exit (range 15) 455 | -10/Materials | Entered another Materials area 455 | -9/Materials | Evolved 2 slots: Propulsion x2 689 | -9/Materials | Lost 5 parts (1p2n2w) 1436 | -9/Materials | Discovered new exit (range 10) 1464 | -9/Materials | Discovered new exit (range 16) 1490 | -9/Materials | Core integrity fell below 50% 1564 | -9/Materials | Core integrity fell below 20% 1681 | -9/Materials | Entered Mines 1711 | -9/Mines | Destroyed 7 combat bots 1746 | -9/Mines | Learned location of 1 exit from Proximity Caves 1924 | -9/Mines | Found the Drone Emporium 1933 | -9/Mines | Found Prototype Device 2018 | -9/Mines | YI-UF0 nonchalantly dropped a Grenade Launcher on the ground 2040 | -9/Mines | Assembled infested the area 2066 | -9/Mines | Destroyed by D-53 Grenadier with Mini Grenade Launcher Last Messages --------------- U-05 Engineer lays Concrete. T-07 Excavator is excavating. U-05 Engineer lays Concrete. T-07 Excavator is excavating. U-05 Engineer builds a Wall. T-07 Excavator is excavating. U-05 Engineer builds a Wall. T-07 Excavator is excavating. U-05 Engineer builds a Wall. U-05 Engineer lays Concrete. Want a larger map view with more modal windows? Or have a large enough display to fit a bigger map in exchange for smaller text? Consider selecting a different UI Layout in the option menu. YI-UF0 nonchalantly drops a Grenade Launcher on the ground. Acquired Grenade Launcher. K-01 Serf collects debris. ALERT: Infestation in the mines, dispatching Demolisher response squad. S-10 Pest destroyed. C-30 ARC bursts open, deploying its payload. D-53 Grenadier unfolds itself. Map ----- +----------------------------------------------------+ | ??????????????????????????????????????????# #???? | | ??????????????????????????????????????????# #???? | | ??????????????????????????????????????????# ##### | | ??????????????????????????????????????????# | | ??????????????????????????????????????????# | | ??????????????????????????????????????????######## | | ?????????????????????????????????????????????????# | | ?????????????????????????????????????????????????# | | ?????????????????????????????????????????????????? | | ???????????????????????????? ?????????????????? | | ?????????????????????????? ?????????????????? | | ?????????????????????????? ?????????????????? | | ?????????????????????????? ?????????????????# | | ?????????????????????????? ? ????????????????## | | ??????????????????????????? ???????????????## | | ??????????????????????????? ???????????????# | | ??????????????????????????? ???????????????## | | ???????????????????????????# #????????????????#? | | ???????????????????????????# ##????############# | | ????????????????????????#### ?????# | | ???????????????????????? #? ?????# ###### #### | | ????????????????????????# #?# #?????# #????# #??? | | ????????????????????????# #?# #???### #????# #### | | ????????????????????????# #?# ##### # ####?# | | ????????????????????????#=#?# ####### | | ??????????????? """ ####@#?# ? """ ##### | | ??????????????? """ =dd#?# ######? """ | | ?????????????# ####=### #????# """ ##### | | ?????????????##?????????#*= #????## ? ##??## | | ????????????????????????##### #?????### # ##???#" | | ????????????????????????????# #???????# ####????#" | | ???????????????????????????? #???????# #???????## | | ???????????????????????????? ???????# #???????## | | ???????????????????????????? ???????# ######### | | ???????????????????????????? ???????# | | ???????????????????????????? ???????###### #### | | ???????????????????????????? ????????????# #??# | | ??????????????????????????? #???????????## #??## | | ???????????????????????????###?????????#### ##??? | | ??????????????????????????????????????## #??? | | ??????????????????????????????????????# #??? | | ??????????????????????????????????????# ##??? | | ?????????????????????????????????????## #####???? | | ?????????????????????????????????????# #??????? | | ?????????????????????????????????????# #??????? | | ????????????????????????????????????## #??????? | | ????????????????????????????????????# #??????? | | ????????????????????????????????????#######??????? | | ?????????????????????????????????????????????????? | | ?????????????????????????????????????????????????? | +----------------------------------------------------+ Best States ------------- Heat Dissipation 38 Energy Generation 12 Energy Capacity 265 Matter Stores 300 Matter Capacity 300 Sight Range 16 Robot Scan Range 14 Terrain Scan Density 10 Evasion (%) 55 Recoil Reduction 2 Item Schematics ----------------- Lgt. Armor Plating | -9/Materials | Scanalyzed Datajack | -9/Materials | Scanalyzed Robot Schematics ------------------ None Fabricated ------------ Nothing Alien Tech Used ----------------- None Achievements -------------- None Challenges ------------ None Game ------ Seed TacticalChipBeam Manual? 0 Play Time 00:41:28 Cumulative 9.9 hours Start 2024.08.16 @ 20:24:54 End 2024.08.16 @ 21:07:57 Sessions 1 Manual Loads 0 Difficulty Rogue Special Mode None Game No. 7 Rogue 7 Adventurer 0 Explorer 0 Win Type - Total 0 Types 0/0/0/0/0/0/0/0/0 Lore% 1 Gallery% 11 Achievement% 11 Wizard Run 0 Options --------- Layout 1 ASCII 0 Keyboard 0 Movement Mouse Keybinds 0 Fullscreen 1 Font 32/SmallcapsGlow Map View 77x35 Zoom Use 0% Tactical HUD 0 Map Filters NONE Filters NONE Steam 1 RUN: 88685443-3df6-4f7c-a3b3-233c999b2dd6